 Dungeon Crawl Stone Soup version 0.30-a0-121-gb27577e5d9 (webtiles) character file.

Game seed: 12331718480043024565

85 BritishOli the Trooper (level 4, -4/37 HPs)
             Began as a Demonspawn Fighter on Sept 13, 2022.
             Slain by a goblin
             ... wielding a +0 dagger
             ... led by Robin
              (5 damage)
             ... on level 2 of the Dungeon on Sept 14, 2022.
             The game lasted 00:03:03 (1559 turns).

BritishOli the Trooper (Demonspawn Fighter)         Turns: 1559, Time: 00:03:04

Health: -4/37      AC:  6    Str: 19    XL:     4   Next: 25%
Magic:  4/4        EV:  9    Int:  9    God:
Gold:   90         SH:  4    Dex: 12    Spells: 3/3 levels left

rFire   . . .      SeeInvis .    k - +4 falchion of Pestilence {pain, Fragile rN+ Will+ Stlth+}
rCold   . . .      Faith    .    c - +0 buckler
rNeg    + . .      Spirit   .    b - +0 scale mail
rPois   .          Reflect  .    (no helmet)
rElec   .          Harm     .    (no cloak)
rCorr   .          Rampage  .    (no gloves)
Will    +....                    (no boots)
Stlth   +.........               (no amulet)
HPRegen 0.12/turn                (no ring)
MPRegen 0.09/turn                (no ring)

@: no status effects
A: demonic guardian 1, demonic touch 1
a: no special abilities


You were on level 2 of the Dungeon.
You visited 1 branch of the dungeon, and saw 2 of its levels.

You collected 90 gold pieces.

Inventory:

Hand Weapons
 a - a +0 long sword
 k - the +4 falchion of Pestilence (weapon) {pain, Fragile rN+ Will+ Stlth+}
   (You found it on level 2 of the Dungeon)

   In the hands of one skilled in necromantic magic, it inflicts extra damage on
   living creatures.
   rN:        It protects you from negative energy.
   Fragile:   It will be destroyed if unequipped.
   Will:      It increases your willpower.
   Stlth:     It makes you more stealthy.
Armour
 b - a +0 scale mail (worn)
 c - a +0 buckler (worn)
Scrolls
 f - a scroll of torment {unknown}
 h - a scroll of acquirement {unknown}
 i - 3 scrolls of enchant armour {unknown}
 j - a scroll of silence {unknown}
 m - a scroll of blinking {unknown}
 o - a scroll of amnesia {unknown}
Potions
 d - a potion of might
 e - a potion of flight {unknown}
 g - a potion of degeneration {unknown}
 l - a potion of magic {unknown}
 n - a potion of lignification {unknown}


   Skills:
 + Level 4.0 Fighting
 + Level 2.4 Long Blades
 - Level 3.0 Armour
 - Level 3.0 Shields
 + Level 1.2 Necromancy


You had 3 spell levels left.
You didn't know any spells.
Your spell library contained the following spells:

 Spells                   Type           Power      Damage    Failure   Level
 Necrotise                Necr           8%         1d4       69%         1
 Apportation              Tloc           0%         N/A       85%         1
 Summon Small Mammal      Summ           0%         N/A       85%         1


Dungeon Overview and Level Annotations

Branches:
Dungeon (2/15)

Altars:

Shops:
D:2 ?:=

Annotations:
D:2 Robin


Innate Abilities, Weirdness & Mutations

A weak demonic guardian rushes to your aid.
Your touch may inflict minor irresistible damage on your foes.


Message History

The goblin unwields a +0 dagger.
The goblin wields a +0 sling.
The goblin shoots a sling bullet.
The sling bullet hits you. The goblin hits you but does no damage.
The goblin attacks as you move away! The goblin barely misses you.
The goblin attacks as you move away! The goblin closely misses you.
You closely miss the goblin. The goblin hits you but does no damage.
You slash the goblin!
You kill the goblin!
You barely miss the goblin. Robin throws the goblin at you!
The goblin closely misses you.
The goblin unwields a +0 sling.
The goblin wields a +0 dagger.
The goblin hits you but does no damage. The goblin hits you with a +0 dagger.
* * * LOW HITPOINT WARNING * * *
You slash the goblin!
You kill the goblin!
The goblin hits you but does no damage. The goblin closely misses you.
You barely miss the goblin. The goblin barely misses you.
You block the goblin's attack.
You barely miss the goblin.
The goblin no longer looks unusually strong.
The goblin closely misses you. The goblin hits you with a +0 dagger.
* * * LOW HITPOINT WARNING * * *
A demonic guardian appears!
You slash the goblin!
You kill the goblin!
Robin throws the goblin at you! The goblin hits you but does no damage.
The goblin closely misses you.
Your white imp closely misses the goblin.
The goblin hits you but does no damage.
Robin roars a battlecry!
The goblin goes into a battle-frenzy!
The goblin hits you with a +0 dagger.
* * * LOW HITPOINT WARNING * * *
You closely miss the goblin.
The hobgoblin no longer looks unusually strong.
Your white imp hits the goblin.
The goblin dies!
The goblin hits you but does no damage. The goblin attacks as you move away!
The goblin hits you with a +0 dagger.
You die...

.........###5.#
......#######.# .......
..............# .......
......######### .......
......# ....... ......#
....... ......########
.......
........>....######)......
......######..5)@ggg......
#+#...# #######g)......
'∩'.### ## #........ #+###
..## #..<..... ..# ###...#
#........ ..########...#
#........ ..#.......)###
##...>... ..#........#
#...... ...........#


You could see Robin, a hobgoblin, 2 goblins and a friendly white imp (summoned).

Vanquished Creatures
  Terence (D:2)
  An adder (D:2)
  A worm (D:2)
  A bat (D:1)
  3 endoplasms
  4 giant cockroaches (D:1)
  3 hobgoblins (D:1)
  A quokka (D:1)
  5 ball pythons
  12 goblins
  7 rats (D:1)
39 creatures vanquished.

Vanquished Creatures (collateral kills)
  A ball python (D:1)
  A bat (D:2)
  A quokka (D:1)
  2 goblins
5 creatures vanquished.

Grand Total: 44 creatures vanquished

Notes
Turn   | Place    | Note
-------+----------+-------------------------------------------
     0 | D:1      | BritishOli the Demonspawn Fighter began the quest for the
                  | Orb.
     0 | D:1      | Reached XP level 1. HP: 18/18 MP: 1/1
   326 | D:1      | Gained mutation: A weak demonic guardian rushes to your
                  | aid. [demonic ancestry]
   326 | D:1      | Reached XP level 2. HP: 24/24 MP: 2/2
   722 | D:1      | Reached XP level 3. HP: 20/29 MP: 3/3
   931 | D:1      | Upgraded the game from 0.29.1-debian-4-g95531337e3 to
                  | 0.30-a0-121-gb27577e5d9
  1136 | D:2      | Found a faded altar of an unknown god.
  1314 | D:2      | Noticed Terence
  1315 | D:2      | Identified the +4 falchion of Pestilence {pain, Fragile rN+
                  | Will+ Stlth+}
  1325 | D:2      | Killed Terence
  1326 | D:2      | Gained mutation: Your touch may inflict minor irresistible
                  | damage on your foes. [demonic ancestry]
  1326 | D:2      | Reached XP level 4. HP: 28/37 MP: 4/4
  1429 | D:2      | Found Xavig's Magic Scroll Shop.
  1436 | D:2      | Found Peysuqou's Jewellery Emporium.
  1491 | D:2      | Reached skill level 4 in Fighting
  1491 | D:2      | Reached skill level 1 in Necromancy
  1521 | D:2      | Found Meha's Book Emporium.
  1542 | D:2      | Noticed Robin
  1557 | D:2      | HP: 1/37 [goblin/+0 dagger[Robin] (5)]
  1559 | D:2      | Slain by a goblin

Illustrated notes

Levels and vault maps discovered:
D:1:      evilmike_arrival_fibonacci_small, layout_loops_ring
D:2:      layout_rooms, basic_altar, serial_shops, shop, shop,
          nicolae_shop_behind_doors, chequers_ecumenical_altar_grove,
          uniq_terence, uniq_robin

Skill      XL: |  1  2  3  4 |
---------------+-------------+-----
Long Blades    | 2 |  2.4
Shields        | 3 |  3.0
Armour         | 3 |  3.0
Fighting       | 4 |  4.0
Necromancy     | 1 |  1.2

Action                   |  1- 3 |  4- 6 || total
-------------------------+-------+-------++-------
Melee: Long sword        |    81 |       ||    81
       Falchion          |     6 |    22 ||    28
Armor: Scale mail        |    43 |    16 ||    59
Dodge: Dodged            |    54 |    14 ||    68
Block: Buckler           |    19 |     3 ||    22

Table legend: (Time is in decaauts)
 A = Elapsed time spent in this place.
 B = Non-inter-level travel time spent in this place.
 C = Inter-level travel time spent in this place.
 D = Time resting spent in this place.
 E = Time spent auto-exploring this place.
 F = Levels seen in this place.
 G = Mean time per level.
                   A        B        C        D        E       F      G
               +--------+--------+--------+--------+--------+-----+--------+
         Total |   1592 |   1583 |      9 |      0 |   1336 |   2 |  796.0 |
       Dungeon |   1592 |   1583 |      9 |      0 |   1336 |   2 |  796.0 |
               +--------+--------+--------+--------+--------+-----+--------+

Top non-repeatable levels by time:
     D:1: 1144 daAuts
     D:2: 448 daAuts
